 Dungeon Crawl Stone Soup version 0.29.1-1-gd02db6906a (webtiles) character file.

Game seed: 14925284885849904947

312 Icepheonix32 the Trooper (level 6, -1/84 HPs)
             Began as a Minotaur Fighter on Sept 23, 2022.
             Slain by an orc
             ... wielding a +0 trident
              (3 damage)
             ... on level 4 of the Dungeon.
             The game lasted 00:02:36 (2369 turns).

Icepheonix32 the Trooper (Minotaur Fighter)         Turns: 2369, Time: 00:02:37

Health: -1/84      AC: 23    Str: 22    XL:     6   Next: 18%
Magic:  5/5        EV:  2    Int:  5    God:
Gold:   174        SH:  4    Dex: 10    Spells: 5/5 levels left

rFire   . . .      SeeInvis .   a - +0 war axe
rCold   . . .      Faith    .   c - +0 buckler
rNeg    . . .      Spirit   .   (body armour currently unavailable)
rPois   +          Reflect  .   (helmet currently unavailable)
rElec   .          Harm     .   (cloak currently unavailable)
rCorr   .          Rampage  .   (gloves currently unavailable)
Will    .....      NoTele   +   (boots currently unavailable)
Stlth   +.........              (no amulet)
HPRegen 0.24/turn               (no ring)
MPRegen 0.09/turn               (no ring)

@: tree-form, studying Armour
A: stationary, stasis, torment immunity, boosted hp, (horns 2), (retaliatory
headbutt)
a: no special abilities


You were on level 4 of the Dungeon.
You were a tree.
You visited 1 branch of the dungeon, and saw 4 of its levels.

You collected 174 gold pieces.

Inventory:

Hand Weapons
 a - a +0 war axe (weapon)
Armour
 b - a +0 scale mail (melded)
 c - a +0 buckler (worn)
Wands
 d - a wand of flame (37) (quivered)
Scrolls
 h - 2 scrolls of teleportation
 i - 2 scrolls of blinking
 j - a scroll of poison {unknown}
 l - a scroll of magic mapping {unknown}
 m - a scroll of enchant armour {unknown}
 n - a scroll of summoning {unknown}
 p - a scroll of identify {unknown}
Potions
 g - 2 potions of flight
 k - a potion of magic {unknown}
 o - a potion of curing


   Skills:
 * Level 5.5 Fighting
 + Level 4.6 Axes
 + Level 4.9 Armour
 + Level 1.0 Dodging
 + Level 0.2 Stealth
 + Level 4.6 Shields
 + Level 0.1 Evocations


You had 5 spell levels left.
You didn't know any spells.
Your spell library contained the following spells:

 Spells                   Type           Power      Damage    Failure   Level
 Sublimation of Blood     Necr           0%         N/A       71%         2
 Wereblood                Tmut           0%         N/A       71%         2
 Summon Hydra             Summ           0%         N/A       100%        7


Dungeon Overview and Level Annotations

Branches:
Dungeon (4/15)
 Temple: D:4-7

Altars:
Fedhas

Shops:
D:2 (


Innate Abilities, Weirdness & Mutations

You are a tree.
Your roots penetrate the ground, keeping you stationary.
You cannot be teleported.
You are immune to unholy pain and torment.
Your maximum health is greatly increased.
Your equipment is partially melded.
((You have a pair of horns on your head.))
((You reflexively headbutt those who attack you in melee.))


Message History

You hit the orc priest but do no damage.
You barely miss the orc. x2
The orc priest hits you with a +3 hand axe.
* * * LOW HITPOINT WARNING * * *
The orc hits you but does no damage. The orc barely misses you.
The orc hits you but does no damage. The kobold hits you but does no damage.
The scorpion stings you but does no damage.
The orc hits you but does no damage.
The scorpion stings you but does no damage.
You block the orc's attack.
The orc priest hits you with a +3 hand axe.
* * * LOW HITPOINT WARNING * * *
The orc hits you but does no damage. The kobold hits you but does no damage.
An iguana comes into view.
Unknown command.
The iguana hisses angrily.
You hit the scorpion.
The scorpion is almost dead.
You slash the orc!
You kill the orc!
You slash the orc!
You kill the orc!
You barely miss the kobold. You hit the orc priest.
You block the scorpion's attack.
The jackal bites you but does no damage. x2
The orc priest hits you but does no damage.
The orc hits you but does no damage. The kobold hits you but does no damage.
You closely miss the scorpion.
The scorpion is almost dead.
You hit the kobold. You closely miss the orc priest. You hit the jackal.
You barely miss the jackal. The jackal barely misses you.
You block the jackal's attack.
The scorpion stings you but does no damage.
The orc priest mumbles some strange prayers to Beogh against you.
Beogh smites you!
* * * LOW HITPOINT WARNING * * *
The kobold hits you with a +0 club.
* * * LOW HITPOINT WARNING * * *
The orc hits you from afar with a +0 trident.
You die... ..._PP# PPP.P.

.PPP.# .#.. ....#
#.. ..#.#### #..#
#........ . #...
#Ko#.#... #####...
#♣ho.....
........##sho.....
.........ooog.....
....o..#..#.......
.................s
......l...........
..................
..................
...$.....##.......


You could see 2 scorpions, an iguana, 2 orc priests, 4 orcs, 2 jackals, a goblin
and a kobold.

Vanquished Creatures
  Sigmund (D:2)
  Jessica (D:3)
  Natasha (thrice) (D:3)
  2 adders
  2 orcs (D:4)
  4 endoplasms
  5 giant cockroaches
  3 goblins
  4 hobgoblins
  3 ball pythons
  9 bats
  3 frilled lizards
  4 kobolds
  6 rats
50 creatures vanquished.

Notes
Turn   | Place    | Note
-------+----------+-------------------------------------------
     0 | D:1      | Icepheonix32 the Minotaur Fighter began the quest for the
                  | Orb.
     0 | D:1      | Reached XP level 1. HP: 19/19 MP: 0/0
   252 | D:1      | Reached skill level 4 in Fighting
   252 | D:1      | Reached XP level 2. HP: 26/27 MP: 1/1
   658 | D:2      | Reached XP level 3. HP: 31/33 MP: 2/2
   837 | D:2      | Found Kowneumi's Weapon Shoppe.
   865 | D:2      | Noticed Sigmund
   888 | D:2      | Killed Sigmund
   889 | D:2      | Reached skill level 5 in Fighting
   889 | D:2      | Reached XP level 4. HP: 3/42 MP: 3/3
   889 | D:2      | Reached XP level 5. HP: 3/48 MP: 4/4
  1352 | D:3      | Noticed Natasha
  1362 | D:3      | Killed Natasha
  1781 | D:3      | Noticed Natasha
  1785 | D:3      | Killed Natasha
  1844 | D:3      | Noticed Natasha
  1854 | D:3      | Killed Natasha
  1855 | D:3      | Reached XP level 6. HP: 35/56 MP: 5/5
  2037 | D:3      | Noticed Jessica
  2038 | D:3      | Killed Jessica
  2039 | D:3      | Reached skill level 1 in Dodging
  2296 | D:3      | Found a faded altar of an unknown god.
  2327 | D:3      | Identified a scroll of acquirement
  2327 | D:3      | Acquired a manual of Armour
  2356 | D:4      | Found a blossoming altar of Fedhas.
  2369 | D:4      | HP: 4/84 [orc priest/divine providence (15)]
  2369 | D:4      | Slain by an orc

Illustrated notes

Levels and vault maps discovered:
D:1:      dpeg_arrival_fog, layout_rooms
D:2:      layout_basic, serial_shops, nicolae_shop_bloodbath_and_beyond,
          uniq_sigmund
D:3:      layout_loops_cross, basic_ecumenical_altar, solitary_fountain,
          uniq_natasha, uniq_jessica
D:4:      layout_rooms, fedhas_altar_3, gammafunk_ghost_split,
          portal_sewer_entry_b

Skill      XL: |  1  2  3  4  5  6 |
---------------+-------------------+-----
Fighting       | 4 5 |  5.5
Armour         | 4 |  4.9
Shields        | 4 |  4.6
Axes           | 4 |  4.6
Dodging        | 1 |  1.0
Stealth        | |  0.2
Evocations     | |  0.1

Action                   |  1- 3 |  4- 6 || total
-------------------------+-------+-------++-------
Melee: War axe           |    61 |    47 ||   108
       Headbutt          |     7 |     5 ||    12
Evoke: Wand              |       |     6 ||     6
  Use: Potion            |     1 |     3 ||     4
       Scroll            |       |     3 ||     3
Armor: Scale mail        |    27 |    14 ||    41
       Skin              |       |    26 ||    26
Dodge: Dodged            |    21 |    27 ||    48
Block: Buckler           |     9 |    17 ||    26
